 Dungeon Crawl Stone Soup version 0.32-a0-22-g6ae6769602 (webtiles) character file.

Game seed: 5702484815798933879

4 Strewth the Trooper (level 1, 17/20 HPs)
             Began as a Minotaur Fighter on Jan 19, 2024.
             Was a Follower of Kikubaaqudgha.
             Quit the game on level 1 of the Dungeon.
             The game lasted 00:00:55 (152 turns).

Strewth the Trooper (Minotaur Fighter)               Turns: 152, Time: 00:00:56

Health: 17/20      AC:  6    Str: 20    XL:     1   Next: 50%
Magic:  0/0        EV:  9    Int:  5    God:    Kikubaaqudgha [*.....]
Gold:   0          SH:  4    Dex:  9    Spells: 0/0 levels left

rFire   . . .        a - +0 war axe
rCold   . . .        c - +0 buckler
rNeg    . . .        b - +0 scale mail
rPois   .            (helmet restricted)
rElec   .            (no cloak)
rCorr   .            (no gloves)
SInv    .            (no boots)
Will    .....        (no amulet) Stlth
                     (no ring)
HPRegen 0.23/turn    (no ring)
MPRegen 0.07/turn

%: no passive effects
@: no status effects
A: horns 2, retaliatory headbutt
a: Renounce Religion, Unearth Wretches


You were on level 1 of the Dungeon.
You worshipped Kikubaaqudgha.
Kikubaaqudgha was aware of your devotion.
You visited 1 branch of the dungeon, and saw 1 of its levels.

Inventory:

Hand Weapons
 a - a +0 war axe (weapon)
Armour
 b - a +0 scale mail (worn)
 c - a +0 buckler (worn)
Talismans
 e - a serpent talisman
Potions
 d - a potion of might


   Skills:
 + Level 4.0 Fighting
 - Level 2.4 Axes
 - Level 3.6 Armour
 - Level 3.6 Shields


You couldn't memorise any spells.
You didn't know any spells.
Your spell library contained the following spells:

 Spells                   Type           Power      Damage    Failure   Level
 Kiss of Death            Conj/Necr      0%         2d5       88%         1
 Sublimation of Blood     Necr           0%         N/A       95%         2
 Fugue of the Fallen      Necr           0%         N/A       99%         3
 Vampiric Draining        Necr           0%         2d6       99%         3


Dungeon Overview and Level Annotations

Branches:
Dungeon (1/15)

Altars:
Kikubaaqudgha


Innate Abilities, Weirdness & Mutations

You have a pair of horns on your head.
You reflexively headbutt those who attack you in melee.


Message History

You kill the kobold!
The bat completely misses you. You block the bat's attack.
Things that are here:
a +0 whip; a kobold corpse The bat barely misses you.
You closely miss the bat. The bat hits you but does no damage.
The bat closely misses you.
You slash the bat!
You kill the bat!
No target in view!
No target in view!
You open the door.
A hobgoblin comes into view.
The hobgoblin shouts!
Found a faded altar of an unknown god.
There is an open door here.
The hobgoblin hits you but does no damage.
You closely miss the hobgoblin. The hobgoblin closely misses you.
The hobgoblin hits you.
You barely miss the hobgoblin. You block the hobgoblin's attack.
You closely miss the hobgoblin. The hobgoblin barely misses you.
The hobgoblin closely misses you.
You closely miss the hobgoblin.
The hobgoblin hits you but does no damage.
You closely miss the hobgoblin.
You headbutt the hobgoblin, but do no damage.
The hobgoblin hits you but does no damage.
The hobgoblin hits you.
You slash the hobgoblin!
You kill the hobgoblin!
Your Fighting skill increases to level 4!
There is a faded altar of an unknown god here.
This altar belongs to (a) Trog, (b) Kikubaaqudgha or (c) Zin, but you can't tell which.
Press the corresponding letter to learn more about a god, or press enter to convert or escape to cancel.
Kikubaaqudgha accepts your prayer! Kikubaaqudgha welcomes you!
You can now bring forth the wretched and dying.
Kikubaaqudgha grants you a gift!
You add the spells Kiss of Death, Sublimation of Blood, Fugue of the Fallen and Vampiric Draining to your library.
Are you sure you want to abandon this character and quit the game? (Confirm with "yes".)

##...## #.#
##.....## #.#
##.......## ##)##
#.........####...##
+.........+....†..#
#.........####...##
#.......# ##.####
##.....## #....#
##..@## ####.#
##'## #.# #.# #.#
#.# #.# ##.##
########.#
##...####........#
#.....##...#######
##...##.....##
#.#####.##.......#


There were no monsters in sight!

Vanquished Creatures
  A giant cockroach (D:1)
  A hobgoblin (D:1)
  A bat (D:1)
  A kobold (D:1)
4 creatures vanquished.

Notes
Turn   | Place    | Note
-------+----------+-------------------------------------------
     0 | D:1      | Strewth the Minotaur Fighter began the quest for the Orb.
     0 | D:1      | Reached XP level 1. HP: 19/19 MP: 0/0
   138 | D:1      | Found a faded altar of an unknown god.
   148 | D:1      | Reached skill level 4 in Fighting
   151 | D:1      | Prayed at the altar of an unknown god.
   151 | D:1      | Became a worshipper of Kikubaaqudgha
   151 | D:1      | Reached * piety under Kikubaaqudgha
   151 | D:1      | Received a gift from Kikubaaqudgha
   152 | D:1      | Quit the game

Illustrated notes

Levels and vault maps discovered:
D:1:      dpeg_arrival_round_c, layout_loops_corners, basic_ecumenical_altar,
          supply_closet_lemuel

Skill      XL: |  1 |
---------------+----+-----
Fighting       | 4 |  4.0
Axes           | |  2.4
Armour         | |  3.6
Shields        | |  3.6

Action                     || total
---------------------------++-------
  Melee: War axe           ||    15
         Headbutt          ||     1
 Armour: Scale mail        ||    11
  Dodge: Dodged            ||     9
  Block: Buckler           ||     3

Table legend: (Time is in decaauts)
 A = Elapsed time spent in this place.
 B = Non-inter-level travel time spent in this place.
 C = Inter-level travel time spent in this place.
 D = Time resting spent in this place.
 E = Time spent auto-exploring this place.
 F = Levels seen in this place.
 G = Mean time per level.
                   A        B        C        D        E       F      G
               +--------+--------+--------+--------+--------+-----+--------+
         Total |    158 |    147 |     11 |      0 |    100 |   1 |  158.0 |
       Dungeon |    158 |    147 |     11 |      0 |    100 |   1 |  158.0 |
               +--------+--------+--------+--------+--------+-----+--------+

Top non-repeatable levels by time:
     D:1: 158 daAuts
